 Dungeon Crawl Stone Soup version 0.20.1-1-g8b1a95d (webtiles) character file.

60 JackS81 the Sneak (level 3, -2/18 HPs)
             Began as a Spriggan Assassin on Aug 20, 2017.
             Slain by a gnoll (7 damage)
             ... on level 2 of the Dungeon.
             The game lasted 00:08:02 (1616 turns).

JackS81 the Sneak (Spriggan Assassin)               Turns: 1616, Time: 00:08:03

Health: -2/18      AC:  3    Str:  7    XL:     3   Next: 80%
Magic:  4/4        EV: 17    Int: 12    God:
Gold:   32         SH:  0    Dex: 18    Spells: 2/2 levels left

rFire    . . .     SeeInvis +   a - +2 dagger
rCold    . . .     Gourm    .   (shield restricted)
rNeg     . . .     Faith    .   c - +0 robe
rPois    .         Spirit   .   (helmet restricted)
rElec    .         Reflect  .   d - +0 cloak
rCorr    .         Harm     .   (gloves unavailable)
MR       .....                  (boots unavailable)
Stlth    ++++......             (no amulet)
Regen    0.1/turn               (no ring)
MPRegen  0.1/turn               (no ring)

@: very quick
A: unfitting armour, see invisible, herbivore 3, speed 3, slow metabolism 2
a: no special abilities


You were on level 2 of the Dungeon.
You were not hungry.

You visited 1 branch of the dungeon, and saw 2 of its levels.

You collected 32 gold pieces.

Inventory:

Hand Weapons
 a - a +2 dagger (weapon)
 b - a +0 blowgun
Missiles
 e - 4 poisoned needles
 f - 2 curare-tipped needles
 l - 7 needles of sleeping
 r - 16 bolts
Armour
 c - a +0 robe (worn)
 d - a +0 cloak (worn)
Jewellery
 h - a +3 ring of slaying {unknown}
 s - a cursed amulet of inaccuracy {unknown}
Scrolls
 j - a scroll of fear {unknown}
 k - a scroll of teleportation {unknown}
 o - a scroll of identify {unknown}
Potions
 m - a potion of invisibility {unknown}
 n - a potion of agility {unknown}
 p - 2 potions of curing {unknown}
 q - a potion of cancellation {unknown}
Comestibles
 g - 2 bread rations
 i - a royal jelly


   Skills:
 - Level 1.5 Fighting
 * Level 3.4 Short Blades
 - Level 2.0 Throwing
 - Level 1.5 Dodging
 + Level 7.3 Stealth


You had 2 spell levels left.
You didn't know any spells.

Dungeon Overview and Level Annotations

Branches:
Dungeon (2/15)

Altars:
Gozag
Nemelex Xobeh


Innate Abilities, Weirdness & Mutations

You are very small and have problems with some larger weapons.
You are too small for most types of armour.
You have supernaturally acute eyesight. (SInv)
You are a herbivore.
You cover ground extremely quickly.
You need consume almost no food.


Message History

The gnoll shouts!
The gnoll shouts!
You see here a dagger.
Items here: ÷÷÷÷ a jackal skeleton; a leopard gecko skeleton; a jackal skeleton x2
You start resting.
You barely miss the gnoll. The gnoll barely misses you.
You hit the gnoll.
The gnoll is lightly wounded.
The gnoll hits you.
* * * LOW HITPOINT WARNING * * *
You closely miss the gnoll.
The gnoll is lightly wounded.
You completely miss the gnoll.
The gnoll is lightly wounded.
The gnoll closely misses you.
You hit the gnoll.
The gnoll is moderately wounded.
The gnoll hits you!
You die...

.##.....## .........#
.........######
#.............##
#.#............#
..#............#
.†#..##........#
#..............###
##.#.##....g...g@#
##.#.............#
...............#######
##............##.....##
..........>..##...⌠...##
.........#####.........#
...÷.....# #.8._._.8.#
.........#####.........#
.............##.).⌠†..##


You could see 2 gnolls.

Vanquished Creatures
  An adder (D:2)
  A worm (D:2)
  2 dart slugs (D:2)
  A leopard gecko (D:2)
  A giant cockroach (D:1)
  4 goblins
  6 hobgoblins
  5 jackals (D:2)
  4 kobolds
  A ball python (D:1)
  6 bats
  A frilled lizard (D:1)
  10 rats
43 creatures vanquished.

Notes
Turn   | Place    | Note
-------+----------+-------------------------------------------
     0 | D:1      | JackS81 the Spriggan Assassin began the quest for the Orb.
     0 | D:1      | Reached XP level 1. HP: 10/10 MP: 2/2
    16 | D:1      | Reached skill level 6 in Stealth
    89 | D:1      | Reached XP level 2. HP: 14/14 MP: 3/3
   798 | D:2      | Reached skill level 7 in Stealth
   824 | D:2      | Reached XP level 3. HP: 7/18 MP: 4/4
  1004 | D:2      | Found a sparkling altar of Nemelex Xobeh.
  1005 | D:2      | Found an opulent altar of Gozag.
  1616 | D:2      | Slain by a gnoll

Skill      XL: |  1  2  3 |
---------------+----------+-----
Stealth        | 6 7 |  7.3
Short Blades   | 3 |  3.4
Fighting       | |  1.5
Throwing       | |  2.0
Dodging        | |  1.5

Action                   || total
-------------------------++-------
Melee: Dagger            ||   139
 Fire: Blowgun           ||     9
 Stab: Sleeping          ||    13
Armor: Robe              ||    10
Dodge: Dodged            ||    84
